 Dungeon Crawl Stone Soup version 0.29.1-1-gd02db6906a (webtiles) character file.

Game seed: 1868031643062023854

49 LabCoat the Trooper (level 3, 6/32 (33) HPs)
             Began as a Hill Orc Fighter on Oct 17, 2022.
             Quit the game on level 2 of the Dungeon.
             The game lasted 00:04:01 (1520 turns).

LabCoat the Trooper (Hill Orc Fighter)              Turns: 1520, Time: 00:04:02

HP:   6/32 (33)     AC:  9    Str: 20    XL:     3   Next: 77%
MP:   3/3           EV:  7    Int:  8    God:
Gold: 61            SH:  5    Dex: 10    Spells: 2/2 levels left

rFire   . . .      SeeInvis .   a - +0 war axe
rCold   . . .      Faith    .   c - +1 buckler
rNeg    . . .      Spirit   .   f - +0 chain mail
rPois   .          Reflect  .   (no helmet)
rElec   .          Harm     .   (no cloak)
rCorr   .          Rampage  .   (no gloves)
Will    .....                   (no boots)
Stlth   ..........              k - amulet of regeneration
HPRegen 0.90/turn               (no ring)
MPRegen 0.08/turn               (no ring)

@: lethally poisoned (6 -> -12), lightly drained
A: no striking features
a: no special abilities


You were on level 2 of the Dungeon.
You visited 1 branch of the dungeon, and saw 2 of its levels.

You collected 61 gold pieces.

Inventory:

Hand Weapons
 a - a +0 war axe (weapon)
Missiles
 b - 8 poisoned darts (quivered)
Armour
 c - a +1 buckler (worn)
 f - a +0 chain mail (worn)
Jewellery
 k - an amulet of regeneration (around neck)
Scrolls
 e - 2 scrolls of amnesia
 g - a scroll of summoning
 i - a scroll of enchant armour
 j - a scroll of fear
 l - a scroll of magic mapping {unknown}
Potions
 d - 2 potions of might
 h - 2 potions of resistance


   Skills:
 * Level 4.0 Fighting
 * Level 3.4 Axes
 + Level 0.6 Throwing
 + Level 3.5 Armour
 + Level 0.5 Dodging
 + Level 3.5 Shields
 + Level 1.0 Evocations


You had 2 spell levels left.
You didn't know any spells.
Your spell library contained the following spells:

 Spells                   Type           Power      Damage    Failure   Level
 Static Discharge         Conj/Air       0%         3-3/arc   100%        2
 Ignite Poison            Fire/Tmut/Pois 0%         N/A       100%        3
 Mephitic Cloud           Conj/Pois/Air  0%         N/A       100%        3
 Freezing Cloud           Conj/Ice/Air   0%         6-21      100%        5
 Lightning Bolt           Conj/Air       0%         1d11      100%        5
 Maxwell's Capacitive Co  Air            0%         ∞         100%        8


Dungeon Overview and Level Annotations

Branches:
Dungeon (2/15)

Altars:

Annotations:
D:2 Robin


Message History

Robin throws the goblin at you!
You see here 10 gold pieces.
You slash the goblin!
You kill the goblin!
You barely miss the goblin. x2
You feel very sick.
The goblin hits you but does no damage. x2
You are more poisoned.
Robin roars a battlecry!
The goblins go into a battle-frenzy!
A hobgoblin comes into view.
Your Evocations skill increases to level 1!
You barely miss the goblin. You hit the goblin. x2
You feel very sick. You block the goblin's attack. x2
The goblin hits you with a +0 dagger of venom.
You are more poisoned.
Unknown command.
You closely miss the goblin.
The goblin is almost dead.
You hit the goblin.
You kill the goblin!
You closely miss the goblin.
You feel extremely sick. Robin throws the goblin at you!
The goblin hits you but does no damage.
You block the goblin's attack. x2; The goblin barely misses you. x3
A goblin comes into view. It is wielding a +0 club.
You barely miss the goblin.
The goblin is almost dead.
You closely miss the goblin. x2
You feel very sick.
A goblin comes into view. It is wielding a +0 dagger.
The goblin hits you with a +0 dagger. The goblin hits you but does no damage.
You feel drained.
The goblin hits you with a +0 dagger of venom.
* * * LOW HITPOINT WARNING * * *
You are more poisoned.
Okay, then.
Unknown command.
Are you sure you want to abandon this character and quit the game? (Confirm with "yes".)

###.##### #.# # #.# #
#.# # #.##### #
#####...... #
#......# ######
####g###g##...##
##...##
....ggg@g#.....##.##
'..♣.<#
#.###g######.........
##...## #.#
##.####.## ###### ...
#......# #.# #.######
#.# ##'## #.# ##...##
#.### ##.....## #
####.#.######.......#


You could see Robin, a hobgoblin (strong) and 5 goblins.

Vanquished Creatures
  An adder (D:2)
  A worm (D:2)
  2 dart slugs (D:2)
  4 bats
  4 endoplasms
  3 giant cockroaches
  8 goblins
  A hobgoblin (D:2)
  A quokka (D:1)
  3 ball pythons
  4 rats
32 creatures vanquished.

Vanquished Creatures (others)
  A demonic plant (D:2)
1 creature vanquished.

Grand Total: 33 creatures vanquished

Notes
Turn   | Place    | Note
-------+----------+-------------------------------------------
     0 | D:1      | LabCoat the Hill Orc Fighter began the quest for the Orb.
     0 | D:1      | Reached XP level 1. HP: 19/19 MP: 1/1
   315 | D:1      | Reached XP level 2. HP: 27/27 MP: 2/2
   717 | D:2      | Identified the +3 leather armour of Wur Xics {-Cast +Inv
                  | rPois Slay+3}
   998 | D:2      | Reached skill level 4 in Fighting
   998 | D:2      | Reached XP level 3. HP: 33/33 MP: 3/3
  1360 | D:2      | Found a faded altar of an unknown god.
  1514 | D:2      | Noticed Robin
  1517 | D:2      | Reached skill level 1 in Evocations
  1520 | D:2      | Quit the game

Illustrated notes

Levels and vault maps discovered:
D:1:      dpeg_arrival_boxorama, layout_basic, kennysheep_boxes
D:2:      layout_loops_corners, dreamdust_ecumenical_altar_sealed_demon,
          grunt_ministairs_5, wad_floor_pattern_1, uniq_robin

Skill      XL: |  1  2  3 |
---------------+----------+-----
Axes           | 3 |  3.4
Fighting       | 4 |  4.0
Evocations     | 1 |  1.0
Throwing       | |  0.6
Armour         | |  3.5
Dodging        | |  0.5
Shields        | |  3.5

Action                   || total
-------------------------++-------
Melee: War axe           ||    87
Throw: Dart              ||     5
  Use: Scroll            ||     6
Armor: Chain mail        ||    52
       Scale mail        ||     3
Dodge: Dodged            ||    30
Block: Buckler           ||    20
